[Event "Torneo Benidorm Gran Hotel Bali 2022"]
[Site "Benidorm, Spain"]
[Date "2022.12.08"]
[Round "7.1"]
[White "Md, Imran"]
[Black "Davtyan, David Arm."]
[Result "0-1"]
[ECO "D02"]
[WhiteElo "2279"]
[BlackElo "2329"]
[PlyCount "132"]
[EventDate "2022.12.03"]
[EventType "swiss"]
[EventRounds "9"]
[SourceTitle "Ajedrez en Madrid"]
[Source "lmi"]
[SourceDate "2022.12.03"]
[SourceVersion "1"]
[SourceVersionDate "2022.12.10"]
[SourceQuality "1"]
[TimeControl "90+30"]
[WhiteClock "0:10:31"]
[BlackClock "0:06:52"]

1. d4 Nf6 2. Nf3 d5 3. Bf4 c5 4. e3 Nc6 5. Nbd2 cxd4 6. exd4 Qb6 7. Nb3 Bg4 8. h3 Bh5 9. a4 a6 10. a5 Qd8 11. g4 Bg6 12. Ne5 e6 13. h4 Nxe5 14. dxe5 Qc7 15. Rc1 h5 16. Qd4 Nd7 17. c4 Bb4+ 18. Ke2 Nc5 19. Nxc5 Bxc5 20. cxd5 Bxd4 21. Rxc7 Be4 22. dxe6 fxe6 23. f3 Bc6 24. Rxg7 Rf8 25. Bg5 Rxf3 26. Rh3 Rf2+ 27. Ke1 hxg4 28. Rd3 Bc5 29. Rc3 Bf8 30. Rh7 Rf7 31. Rh8 Kd7 32. Bf6 g3 33. Rg8 g2 34. Bxg2 Bxg2 35. Rxg2 Bb4 36. Rd2+ Ke8 37. Ke2 Bxc3 38. bxc3 Rc8 39. Rd6 Rfc7 40. Rxe6+ Kf7 41. Rb6 Rxc3 42. Rxb7+ Ke6 43. Rb6+ Kf5 44. h5 Rh3 45. Kd2 Rg8 46. Rd6 Rg2+ 47. Kc1 Rxh5 48. Rd2 Rh1+ 49. Kc2 Rgg1 50. Kb3 Rb1+ 51. Rb2 Rbc1 52. Rc2 Rb1+ 53. Rb2 Rh3+ 54. Ka2 Rd1 55. Rb3 Rhh1 56. Ra3 Rd2+ 57. Kb3 Rd3+ 58. Ka4 Rd4+ 59. Kb3 Rh3+ 60. Kb2 Rb4+ 61. Ka2 Rh2+ 62. Ka1 Rf4 63. Rb3 Ra4+ 64. Kb1 Rxa5 65. Rb2 Rb5 66. Rxb5 axb5 0-1

[Event "Torneo Benidorm Gran Hotel Bali 2022"]
[Site "Benidorm, Spain"]
[Date "2022.12.08"]
[Round "7.2"]
[White "Korneev, Oleg"]
[Black "Aguilera Lopez, Alejandro"]
[Result "1-0"]
[ECO "B84"]
[WhiteElo "2481"]
[BlackElo "2184"]
[PlyCount "49"]
[EventDate "2022.12.03"]
[EventType "swiss"]
[EventRounds "9"]
[SourceTitle "Ajedrez en Madrid"]
[Source "lmi"]
[SourceDate "2022.12.03"]
[SourceVersion "1"]
[SourceVersionDate "2022.12.10"]
[SourceQuality "1"]
[TimeControl "90+30"]
[WhiteClock "0:21:07"]
[BlackClock "0:14:58"]

1. e4 c5 2. Nf3 e6 3. Be2 Nc6 4. O-O Nf6 5. Nc3 Be7 6. d4 cxd4 7. Nxd4 d6 8. f4 Qc7 9. Be3 a6 10. Qe1 b5 11. Nxc6 Qxc6 12. Bf3 e5 13. Nd5 Nxd5 14. exd5 Qxc2 15. fxe5 O-O 16. Bd4 Bf5 17. Qg3 Bg6 18. exd6 Bf6 19. Bxf6 gxf6 20. h4 Kh8 21. Qf4 Qxb2 22. h5 Bc2 23. Rac1 Ba4 24. Rfe1 b4 25. Re2 1-0

[Event "Torneo Benidorm Gran Hotel Bali 2022"]
[Site "Benidorm, Spain"]
[Date "2022.12.08"]
[Round "7.3"]
[White "Aditya, Varun Gampa"]
[Black "Sos Andreu, Eric"]
[Result "1-0"]
[ECO "B12"]
[WhiteElo "2249"]
[BlackElo "2364"]
[PlyCount "45"]
[EventDate "2022.12.03"]
[EventType "swiss"]
[EventRounds "9"]
[SourceTitle "Ajedrez en Madrid"]
[Source "lmi"]
[SourceDate "2022.12.03"]
[SourceVersion "1"]
[SourceVersionDate "2022.12.10"]
[SourceQuality "1"]
[TimeControl "90+30"]
[WhiteClock "0:22:08"]
[BlackClock "0:16:03"]

1. e4 c6 2. d4 d5 3. e5 Bf5 4. h4 h5 5. c4 e6 6. Nc3 Ne7 7. Nge2 Nd7 8. Ng3 Bg6 9. Bg5 Qb6 10. Rc1 dxc4 11. Bxc4 Rd8 12. Na4 Qa5+ 13. b4 Qc7 14. O-O Nb6 15. Be2 Nxa4 16. Qxa4 a6 17. Bf3 Rxd4 18. Ne2 Rd7 19. Nf4 Qxe5 20. Nxg6 Nxg6 21. Rxc6 bxc6 22. Bxc6 Qc7 23. Bxd7+ 1-0

[Event "Torneo Benidorm Gran Hotel Bali 2022"]
[Site "Benidorm, Spain"]
[Date "2022.12.08"]
[Round "7.4"]
[White "Mingarro Carceller, Sergi"]
[Black "Valdepenas Octavio, Javier"]
[Result "1-0"]
[ECO "B32"]
[WhiteElo "2330"]
[BlackElo "2216"]
[PlyCount "81"]
[EventDate "2022.12.03"]
[EventType "swiss"]
[EventRounds "9"]
[SourceTitle "Ajedrez en Madrid"]
[Source "lmi"]
[SourceDate "2022.12.03"]
[SourceVersion "1"]
[SourceVersionDate "2022.12.10"]
[SourceQuality "1"]
[TimeControl "90+30"]
[WhiteClock "0:03:38"]
[BlackClock "0:00:32"]

1. e4 c5 2. Nf3 Nc6 3. d4 cxd4 4. Nxd4 e5 5. Nb5 d6 6. c4 Be7 7. N1c3 Nf6 8. Bg5 a6 9. Bxf6 gxf6 10. Na3 f5 11. Bd3 f4 12. Nc2 Be6 13. g3 Qb6 14. Qd2 Rc8 15. O-O-O Nd4 16. gxf4 exf4 17. Qxf4 Nxc2 18. Bxc2 Rxc4 19. Rd3 Qc5 20. Kb1 Qe5 21. Qe3 Bg5 22. Qb6 O-O 23. Qxd6 Qxd6 24. Rxd6 Bf4 25. Rdd1 Rc5 26. Ne2 Bh6 27. Nd4 Rfc8 28. Bb3 Bxb3 29. axb3 Kf8 30. f4 Ke8 31. Rhf1 Rh5 32. Nf5 Bf8 33. Rf2 Rh3 34. Rd5 f6 35. Ka2 Rc5 36. Ng7+ Kf7 37. Rd7+ Kg8 38. Ne6 Rc8 39. Rg2+ Kh8 40. Nd8 h5 41. Nf7+ 1-0

[Event "Torneo Benidorm Gran Hotel Bali 2022"]
[Site "Benidorm, Spain"]
[Date "2022.12.08"]
[Round "7.5"]
[White "Kovacevic, Slobodan"]
[Black "Luque Saiz, Andres"]
[Result "1/2-1/2"]
[ECO "A80"]
[WhiteElo "2224"]
[BlackElo "2286"]
[PlyCount "28"]
[EventDate "2022.12.03"]
[EventType "swiss"]
[EventRounds "9"]
[SourceTitle "Ajedrez en Madrid"]
[Source "lmi"]
[SourceDate "2022.12.03"]
[SourceVersion "1"]
[SourceVersionDate "2022.12.10"]
[SourceQuality "1"]
[TimeControl "90+30"]
[WhiteClock "1:23:02"]
[BlackClock "1:10:28"]

1. d4 e6 2. Nf3 f5 3. Bf4 Nf6 4. e3 b6 5. Nbd2 Bb7 6. Bd3 Nc6 7. c3 Bd6 8. Qe2 Bxf4 9. exf4 Ne7 10. g3 O-O 11. Ba6 Bd5 12. Bc4 Bb7 13. Ba6 Bd5 14. Bc4 Bb7 1/2-1/2

[Event "Torneo Benidorm Gran Hotel Bali 2022"]
[Site "Benidorm, Spain"]
[Date "2022.12.08"]
[Round "7.6"]
[White "Shaik, Sumer Arsh"]
[Black "Chia, Yu Zhe Ashton"]
[Result "1-0"]
[ECO "A30"]
[WhiteElo "2290"]
[BlackElo "1970"]
[PlyCount "85"]
[EventDate "2022.12.03"]
[EventType "swiss"]
[EventRounds "9"]
[SourceTitle "Ajedrez en Madrid"]
[Source "lmi"]
[SourceDate "2022.12.03"]
[SourceVersion "1"]
[SourceVersionDate "2022.12.10"]
[SourceQuality "1"]
[TimeControl "90+30"]
[WhiteClock "0:01:43"]
[BlackClock "0:00:42"]

1. Nf3 Nf6 2. c4 e6 3. g3 b6 4. Bg2 Bb7 5. O-O Be7 6. Nc3 c5 7. d4 cxd4 8. Qxd4 Nc6 9. Qf4 a6 10. Rd1 O-O 11. e4 d6 12. b3 Qc7 13. Ba3 Rfd8 14. Rac1 Ne5 15. h3 Rac8 16. Qe3 Nxf3+ 17. Bxf3 h6 18. Qd4 Rb8 19. h4 Ba8 20. Bb2 Bf8 21. Qe3 Be7 22. Ne2 Nd7 23. Nf4 Ne5 24. Bg2 Bf8 25. Nh5 f6 26. Qe2 Qf7 27. Nf4 g6 28. b4 Bc6 29. Nd3 Rbc8 30. f4 Nxd3 31. Qxd3 b5 32. Qd4 Be7 33. Bf1 Kh7 34. cxb5 axb5 35. a4 f5 36. exf5 gxf5 37. Bxb5 Bf3 38. Rf1 Bd5 39. Kh2 Rg8 40. Rxc8 Rxc8 41. Bd3 Qg6 42. Rc1 Bxh4 43. Qa7+ 1-0

[Event "Torneo Benidorm Gran Hotel Bali 2022"]
[Site "Benidorm, Spain"]
[Date "2022.12.08"]
[Round "7.7"]
[White "Granero Roca, Antonio"]
[Black "Garcia Amoros, Pablo"]
[Result "1-0"]
[ECO "E61"]
[WhiteElo "2345"]
[BlackElo "2076"]
[PlyCount "83"]
[EventDate "2022.12.03"]
[EventType "swiss"]
[EventRounds "9"]
[SourceTitle "Ajedrez en Madrid"]
[Source "lmi"]
[SourceDate "2022.12.03"]
[SourceVersion "1"]
[SourceVersionDate "2022.12.10"]
[SourceQuality "1"]
[TimeControl "90+30"]
[WhiteClock "0:55:12"]
[BlackClock "0:43:37"]

1. d4 Nf6 2. c4 d6 3. Nf3 g6 4. Nc3 Bf5 5. d5 Bg7 6. Nd4 Bd7 7. e4 e5 8. Nc2 a5 9. Be2 Na6 10. Be3 Nc5 11. f3 Nh5 12. g3 O-O 13. Qd2 f5 14. exf5 gxf5 15. O-O-O f4 16. Bxc5 dxc5 17. Ne4 b6 18. g4 Nf6 19. Bd3 Ne8 20. Qe2 Nd6 21. Na3 Qh4 22. Nb1 Be8 23. Nbc3 Rd8 24. Kb1 Nxe4 25. Bxe4 Rd6 26. Qc2 Rh6 27. a3 Qe7 28. h4 Rxh4 29. Bxh7+ Kh8 30. Be4 Bh6 31. Qf2 Rxh1 32. Rxh1 Qg5 33. Bc2 Bg6 34. Bxg6 Qxg6+ 35. Ne4 Kg7 36. g5 Bxg5 37. Rg1 Rf5 38. Qg2 Kh6 39. Qh3+ Kg7 40. Qxf5 Qxf5 41. Rxg5+ Qxg5 42. Nxg5 1-0

[Event "Torneo Benidorm Gran Hotel Bali 2022"]
[Site "Benidorm, Spain"]
[Date "2022.12.08"]
[Round "7.8"]
[White "Feal Albala, Alonso"]
[Black "Remolar Gallen, Jose"]
[Result "0-1"]
[ECO "B92"]
[WhiteElo "1935"]
[BlackElo "2305"]
[PlyCount "64"]
[EventDate "2022.12.03"]
[EventType "swiss"]
[EventRounds "9"]
[SourceTitle "Ajedrez en Madrid"]
[Source "lmi"]
[SourceDate "2022.12.03"]
[SourceVersion "1"]
[SourceVersionDate "2022.12.10"]
[SourceQuality "1"]
[TimeControl "90+30"]
[WhiteClock "0:23:10"]
[BlackClock "0:11:22"]

1. e4 c5 2. Nf3 d6 3. d4 cxd4 4. Nxd4 Nf6 5. Nc3 a6 6. Be2 e5 7. Nb3 Be7 8. Be3 Be6 9. Nd5 Nbd7 10. Nxe7 Qxe7 11. Bf3 O-O 12. O-O a5 13. Qd2 b6 14. Rad1 Rfc8 15. c3 Rc6 16. h3 h6 17. Kh2 Nf8 18. g4 g5 19. Nc1 Ng6 20. Ne2 Nh4 21. Bh1 Bxa2 22. Ng3 Bb3 23. Rde1 Rd8 24. Bxg5 Nxg4+ 25. hxg4 hxg5 26. Nf5 Nxf5 27. gxf5 d5 28. f6 Rxf6 29. Qxg5+ Kh7 30. Re3 Rxf2+ 31. Rxf2 Qxg5 32. Rxf7+ Kg6 0-1

[Event "Torneo Benidorm Gran Hotel Bali 2022"]
[Site "Benidorm, Spain"]
[Date "2022.12.08"]
[Round "7.9"]
[White "Salgado Lopez, Oscar"]
[Black "Perez Pacheco, Ricardo"]
[Result "1-0"]
[ECO "D31"]
[WhiteElo "2070"]
[BlackElo "2169"]
[PlyCount "95"]
[EventDate "2022.12.03"]
[EventType "swiss"]
[EventRounds "9"]
[SourceTitle "Ajedrez en Madrid"]
[Source "lmi"]
[SourceDate "2022.12.03"]
[SourceVersion "1"]
[SourceVersionDate "2022.12.10"]
[SourceQuality "1"]
[TimeControl "90+30"]
[WhiteClock "0:04:39"]

1. d4 d5 2. c4 e6 3. Nc3 a6 4. cxd5 exd5 5. Bf4 Nf6 6. e3 Be6 7. Bd3 Bd6 8. Bg3 O-O 9. Nf3 h6 10. Rc1 Nbd7 11. Bxd6 cxd6 12. h3 b5 13. O-O Nb6 14. b3 b4 15. Ne2 Ne4 16. Nd2 f5 17. f3 Nf6 18. Re1 Nh5 19. Nf1 Qd7 20. Qd2 a5 21. Rc2 Rac8 22. Rec1 Rxc2 23. Rxc2 Rc8 24. Nfg3 Nxg3 25. Nxg3 Rxc2 26. Qxc2 g6 27. Ne2 Qc8 28. Qd2 Kg7 29. Qe1 Qd8 30. Qg3 Qe7 31. Kf2 Nd7 32. Nf4 Nf8 33. h4 Kf7 34. Qh3 Qf6 35. Qh1 Qd8 36. g3 Qc8 37. Ne2 Kg7 38. Qe1 Nd7 39. a3 Qb7 40. axb4 axb4 41. Qc1 Nb8 42. Qb1 h5 43. Qa1 Nc6 44. Qa4 Bd7 45. Qa1 Na7 46. Nf4 Bb5 47. Qa5 Bc6 48. Qd8 1-0

[Event "Torneo Benidorm Gran Hotel Bali 2022"]
[Site "Benidorm, Spain"]
[Date "2022.12.08"]
[Round "7.10"]
[White "Rodriguez Redondo, Adhara"]
[Black "Tscharotschkin, Michael"]
[Result "1-0"]
[ECO "C01"]
[WhiteElo "2057"]
[BlackElo "2137"]
[PlyCount "129"]
[EventDate "2022.12.03"]
[EventType "swiss"]
[EventRounds "9"]
[SourceTitle "Ajedrez en Madrid"]
[Source "lmi"]
[SourceDate "2022.12.03"]
[SourceVersion "1"]
[SourceVersionDate "2022.12.10"]
[SourceQuality "1"]
[TimeControl "90+30"]
[WhiteClock "0:01:53"]
[BlackClock "0:05:59"]

1. e4 e6 2. d4 d5 3. exd5 exd5 4. Nf3 Nf6 5. Bd3 Be7 6. O-O O-O 7. h3 Re8 8. Bf4 Nbd7 9. Nbd2 Nf8 10. Ne5 Ng6 11. Bg3 Nxe5 12. dxe5 Nd7 13. c3 g6 14. Nf3 Nc5 15. Bc2 Ne6 16. Qd2 c6 17. Rad1 Qb6 18. b3 Ng7 19. Bf4 Bf5 20. Bxf5 Nxf5 21. Bg5 Bxg5 22. Qxg5 Qd8 23. Qf4 Qe7 24. Rfe1 Ng7 25. Nh2 Nh5 26. Qf3 Qg5 27. Ng4 Re6 28. h4 Qe7 29. Nh6+ Kg7 30. Qxh5 gxh5 31. Nf5+ Kg6 32. Nxe7+ Rxe7 33. Re3 h6 34. c4 Rae8 35. cxd5 Rxe5 36. Rxe5 Rxe5 37. dxc6 bxc6 38. Rd6+ Re6 39. Rd7 a5 40. g3 Re2 41. a4 Rc2 42. Ra7 Rc5 43. Kf1 f6 44. Ke2 Rc2+ 45. Ke1 Rb2 46. Rxa5 Rxb3 47. Rc5 Ra3 48. a5 Ra2 49. Kf1 Ra4 50. Ke2 Ra3 51. Kd2 Ra2+ 52. Ke3 Ra3+ 53. Kd4 Ra4+ 54. Kc3 Ra2 55. Kb4 Rxf2 56. Rxc6 Rb2+ 57. Ka3 Rb1 58. Rb6 Ra1+ 59. Kb4 Kf5 60. Rc6 Kg4 61. Rc3 Rb1+ 62. Rb3 Ra1 63. Ra3 Rb1+ 64. Kc5 Rc1+ 65. Kd6 1-0

[Event "Torneo Benidorm Gran Hotel Bali 2022"]
[Site "Benidorm, Spain"]
[Date "2022.12.08"]
[Round "7.11"]
[White "Centeno Mendoza, Julio Stefano"]
[Black "Pastor Villalba, Arturo"]
[Result "1-0"]
[ECO "C41"]
[WhiteElo "2099"]
[BlackElo "1789"]
[PlyCount "87"]
[EventDate "2022.12.03"]
[EventType "swiss"]
[EventRounds "9"]
[SourceTitle "Ajedrez en Madrid"]
[Source "lmi"]
[SourceDate "2022.12.03"]
[SourceVersion "1"]
[SourceVersionDate "2022.12.10"]
[SourceQuality "1"]
[TimeControl "90+30"]
[WhiteClock "0:10:00"]
[BlackClock "0:16:01"]

1. e4 d6 2. d4 Nf6 3. Nc3 e5 4. Nf3 Nbd7 5. Bc4 Be7 6. O-O O-O 7. Qe2 c6 8. a4 Qc7 9. Rd1 h6 10. h3 Re8 11. Ba2 Nf8 12. Kh2 Ne6 13. g3 exd4 14. Nxd4 Bf8 15. Nxe6 Bxe6 16. Qd3 Bxa2 17. Rxa2 Nd7 18. Be3 Re6 19. b3 Ne5 20. Qe2 Qa5 21. Bd4 Nd7 22. Qd2 Nc5 23. f3 Nd7 24. Ne2 Qxd2 25. Rxd2 Ne5 26. Kg2 Ree8 27. Ra1 b6 28. Rad1 Nd7 29. Bb2 Nc5 30. Nd4 Rac8 31. c4 g6 32. Ba3 d5 33. exd5 cxd5 34. cxd5 Nxb3 35. Nxb3 Bxa3 36. Nd4 Bb4 37. Re2 Rxe2+ 38. Nxe2 Rc2 39. Kf1 Bd6 40. f4 Kf8 41. Nd4 Rc4 42. Nb5 Ke7 43. Nxa7 Rxa4 44. Nc8+ 1-0

[Event "Torneo Benidorm Gran Hotel Bali 2022"]
[Site "Benidorm, Spain"]
[Date "2022.12.08"]
[Round "7.12"]
[White "Pallardo Lozoya, Jose Vicente"]
[Black "Rubio Tapia, Jose Juan"]
[Result "1-0"]
[ECO "C43"]
[WhiteElo "2367"]
[BlackElo "2079"]
[PlyCount "73"]
[EventDate "2022.12.03"]
[EventType "swiss"]
[EventRounds "9"]
[SourceTitle "Ajedrez en Madrid"]
[Source "lmi"]
[SourceDate "2022.12.03"]
[SourceVersion "1"]
[SourceVersionDate "2022.12.10"]
[SourceQuality "1"]
[TimeControl "90+30"]
[WhiteClock "0:03:35"]
[BlackClock "0:01:00"]

1. e4 e5 2. d4 exd4 3. Nf3 Nf6 4. e5 Ne4 5. Qxd4 d5 6. exd6 Nxd6 7. Nc3 Nc6 8. Qf4 Nf5 9. Bb5 Bd6 10. Qe4+ Nfe7 11. Bg5 f6 12. Bh4 O-O 13. O-O-O Kh8 14. Rhe1 Bf5 15. Qe2 Qe8 16. Bg3 Bxg3 17. hxg3 Rd8 18. Nh4 Bc8 19. Rxd8 Qxd8 20. Bxc6 Nxc6 21. Ng6+ hxg6 22. Qc4 Bg4 23. Qxg4 Ne5 24. Qe6 Nf7 25. Rd1 Qe8 26. Qxe8 Rxe8 27. Rd7 Nd6 28. Rxc7 Re1+ 29. Kd2 Rg1 30. Ke2 Rxg2 31. Rd7 Nc4 32. Rxb7 a5 33. Rb5 Rh2 34. Nd1 Kg8 35. Rc5 Nd6 36. Rxa5 Nf5 37. Ra3 1-0

[Event "Torneo Benidorm Gran Hotel Bali 2022"]
[Site "Benidorm, Spain"]
[Date "2022.12.08"]
[Round "7.13"]
[White "Yuste Valenzuela, Alejandro"]
[Black "Oswaldo Valentin, Requejo Cotrin"]
[Result "0-1"]
[ECO "B70"]
[WhiteElo "2089"]
[BlackElo "2248"]
[PlyCount "160"]
[EventDate "2022.12.03"]
[EventType "swiss"]
[EventRounds "9"]
[SourceTitle "Ajedrez en Madrid"]
[Source "lmi"]
[SourceDate "2022.12.03"]
[SourceVersion "1"]
[SourceVersionDate "2022.12.10"]
[SourceQuality "1"]
[TimeControl "90+30"]
[WhiteClock "0:06:53"]
[BlackClock "0:10:24"]

1. e4 c5 2. Nf3 d6 3. d4 cxd4 4. Nxd4 Nf6 5. Nc3 g6 6. g3 Nc6 7. Nde2 Bg7 8. Bg2 O-O 9. O-O Rb8 10. a4 a6 11. h3 b5 12. axb5 axb5 13. Be3 b4 14. Nd5 Nd7 15. Nd4 Nde5 16. f4 Nxd4 17. Bxd4 Nc6 18. Bxg7 Kxg7 19. Kh2 e6 20. Ne3 Qb6 21. Nc4 Qc5 22. Nxd6 Nd4 23. e5 Nxc2 24. Ne4 Qc7 25. Rc1 b3 26. Qd2 Bb7 27. f5 exf5 28. Rxf5 Qd8 29. Rf2 Qxd2 30. Rxd2 Ne3 31. Bh1 Rfc8 32. Nc5 Rxc5 33. Rxc5 Nf1+ 34. Kg1 Nxd2 35. Rb5 Bxh1 36. Rxb8 Be4 37. Kf2 Bc2 38. Rc8 Ne4+ 39. Kg2 Ng5 40. h4 Ne6 41. Kf2 h5 42. Ke3 f6 43. exf6+ Kxf6 44. Kf2 Ke5 45. Ke3 Kd5 46. Ra8 Nc5 47. Ra7 Ne4 48. Ra5+ Ke6 49. Kf4 Nf2 50. Ra6+ Kd5 51. Kg5 Nd1 52. g4 hxg4 53. Kxg4 Nxb2 54. Rb6 Nc4 55. Rxb3 Bxb3 56. Kg5 Ne5 57. h5 gxh5 58. Kxh5 Bd1+ 59. Kh6 Ke6 60. Kg7 Ke7 61. Kh8 Kf6 62. Kh7 Bc2+ 63. Kg8 Nf7 64. Kf8 Bh7 65. Ke8 Ne5 66. Kd8 Be4 67. Kc7 Nc4 68. Kd7 Kf7 69. Kd8 Bc6 70. Kc7 Bb5 71. Kd8 Kf8 72. Kc7 Ke7 73. Kc8 Ne3 74. Kc7 Nd5+ 75. Kc8 Ba6+ 76. Kb8 Kd7 77. Ka7 Bc8 78. Kb8 Kd8 79. Ka8 Kc7 80. Ka7 Ne7 0-1

[Event "Torneo Benidorm Gran Hotel Bali 2022"]
[Site "Benidorm, Spain"]
[Date "2022.12.09"]
[Round "8.1"]
[White "Davtyan, David Arm."]
[Black "Mingarro Carceller, Sergi"]
[Result "1-0"]
[ECO "D32"]
[WhiteElo "2329"]
[BlackElo "2330"]
[PlyCount "79"]
[EventDate "2022.12.03"]
[EventType "swiss"]
[EventRounds "9"]
[SourceTitle "Ajedrez en Madrid"]
[Source "lmi"]
[SourceDate "2022.12.03"]
[SourceVersion "1"]
[SourceVersionDate "2022.12.10"]
[SourceQuality "1"]
[TimeControl "90+30"]
[WhiteClock "0:16:55"]
[BlackClock "0:01:46"]

1. c4 e6 2. Nc3 d5 3. d4 c5 4. cxd5 cxd4 5. Qxd4 Nc6 6. Qd1 exd5 7. Qxd5 Bd6 8. Bg5 Nge7 9. Qd2 h6 10. O-O-O hxg5 11. Qxd6 Qa5 12. Nf3 Be6 13. Qa3 Qxa3 14. bxa3 Rh5 15. e3 g4 16. Nd2 O-O-O 17. Be2 Rdh8 18. h3 R5h6 19. Nde4 gxh3 20. gxh3 Bxh3 21. Nd6+ Rxd6 22. Rxd6 Kc7 23. Rdd1 Rh6 24. e4 Ne5 25. Nb5+ Kb6 26. Rd6+ Rxd6 27. Nxd6 Be6 28. f4 N5c6 29. f5 Bxa2 30. Kb2 Nd4 31. Bd3 Kc6 32. Ne8 Bb3 33. Kc3 Kc5 34. Nxg7 Nec6 35. Nh5 Ne5 36. Nf4 Ba4 37. Bc4 b5 38. Bxf7 Ndf3 39. Rh6 Nc6 40. Nd3+ 1-0

[Event "Torneo Benidorm Gran Hotel Bali 2022"]
[Site "Benidorm, Spain"]
[Date "2022.12.09"]
[Round "8.2"]
[White "Md, Imran"]
[Black "Korneev, Oleg"]
[Result "1/2-1/2"]
[ECO "D02"]
[WhiteElo "2279"]
[BlackElo "2481"]
[PlyCount "148"]
[EventDate "2022.12.03"]
[EventType "swiss"]
[EventRounds "9"]
[SourceTitle "Ajedrez en Madrid"]
[Source "lmi"]
[SourceDate "2022.12.03"]
[SourceVersion "1"]
[SourceVersionDate "2022.12.10"]
[SourceQuality "1"]
[TimeControl "90+30"]
[WhiteClock "0:43:32"]
[BlackClock "0:06:15"]

1. d4 d5 2. Bf4 Nf6 3. Nf3 e6 4. Nbd2 Bd6 5. e3 O-O 6. Bd3 c5 7. dxc5 Bxf4 8. exf4 Qc7 9. g3 a5 10. a3 Qxc5 11. O-O b6 12. Qe2 Ba6 13. Nb3 Qc8 14. Rac1 Nbd7 15. Nbd4 Qb7 16. f5 exf5 17. Bxa6 Qxa6 18. Qxa6 Rxa6 19. Nxf5 a4 20. Rfd1 Ra5 21. Ne7+ Kh8 22. Nc6 Rc5 23. Nb4 g6 24. Rd4 b5 25. Re1 Kg8 26. Re7 Rd8 27. g4 Kf8 28. Re2 h6 29. h4 Nb6 30. Rf4 Nbd7 31. Nd4 Re8 32. Rxe8+ Kxe8 33. Nd3 Rc8 34. Nxb5 Rxc2 35. Rxa4 Ke7 36. Rd4 Nf8 37. g5 hxg5 38. hxg5 Ne4 39. Rxd5 Ne6 40. a4 N4xg5 41. Kg2 Rxb2 42. a5 Ra2 43. Na7 Ne4 44. Nc6+ Kf6 45. Ncb4 Ra3 46. a6 Nc7 47. Rd4 Ng5 48. Rd6+ Nge6 49. Rb6 Kf5 50. Rc6 g5 51. Kh2 Ke4 52. Ne1 Ra1 53. Nec2 Ra4 54. Kg3 Ke5 55. Rb6 Nd5 56. Rb7 Nxb4 57. Nxb4 Ra3+ 58. f3 Nc5 59. Rxf7 Nxa6 60. Ra7 Rxf3+ 61. Kxf3 Nxb4 62. Kg4 Nd5 63. Kxg5 Ke4 64. Ra4+ Ke5 65. Ra8 Ke4 66. Re8+ Kd4 67. Kf5 Ne3+ 68. Kf4 Nd5+ 69. Kf3 Nf6 70. Re6 Nd5 71. Re4+ Kd3 72. Re6 Kd4 73. Re4+ Kd3 74. Re6 Kd4 1/2-1/2

[Event "Torneo Benidorm Gran Hotel Bali 2022"]
[Site "Benidorm, Spain"]
[Date "2022.12.09"]
[Round "8.3"]
[White "Granero Roca, Antonio"]
[Black "Aditya, Varun Gampa"]
[Result "0-1"]
[ECO "D27"]
[WhiteElo "2345"]
[BlackElo "2249"]
[PlyCount "122"]
[EventDate "2022.12.03"]
[EventType "swiss"]
[EventRounds "9"]
[SourceTitle "Ajedrez en Madrid"]
[Source "lmi"]
[SourceDate "2022.12.03"]
[SourceVersion "1"]
[SourceVersionDate "2022.12.10"]
[SourceQuality "1"]
[TimeControl "90+30"]
[WhiteClock "0:22:07"]
[BlackClock "0:13:29"]

1. d4 Nf6 2. c4 e6 3. Nf3 d5 4. Nc3 dxc4 5. e3 a6 6. Bxc4 b5 7. Bd3 Bb7 8. Qe2 c5 9. dxc5 Bxc5 10. O-O Nbd7 11. e4 O-O 12. e5 Bxf3 13. gxf3 Nh5 14. Qe4 g6 15. Bh6 Re8 16. Rad1 Qc7 17. f4 Rad8 18. Be2 Ng7 19. Bg5 Be7 20. Bxe7 Rxe7 21. Qb4 Nb6 22. Rxd8+ Qxd8 23. Qa5 Nf5 24. Rd1 Nd4 25. Kf1 Qa8 26. f3 Nc4 27. Bxc4 Qxf3+ 28. Kg1 Qe3+ 29. Kg2 Kg7 30. Qd8 Nf5 31. Be2 b4 32. Rd3 Qxf4 33. Nd1 Qxe5 34. Bf1 Rc7 35. Rd2 Qf4 36. Kg1 Rc5 37. Rf2 Qg4+ 38. Rg2 Qe4 39. Nf2 Qe3 40. Qd3 Rc1 41. Rg4 b3 42. axb3 Qxd3 43. Nxd3 Rxf1+ 44. Kxf1 Ne3+ 45. Kg1 Nxg4 46. Nb4 Ne5 47. Nxa6 Nd3 48. b4 Nxb2 49. Nc5 Kf6 50. b5 Nc4 51. Kf2 Ke7 52. Kf3 f5 53. Kf4 h6 54. h4 e5+ 55. Kf3 g5 56. h5 e4+ 57. Ke2 g4 58. Nb3 f4 59. Nd4 f3+ 60. Ke1 Kf6 61. Nc2 g3 0-1

[Event "Torneo Benidorm Gran Hotel Bali 2022"]
[Site "Benidorm, Spain"]
[Date "2022.12.09"]
[Round "8.4"]
[White "Remolar Gallen, Jose"]
[Black "Centeno Mendoza, Julio Stefano"]
[Result "1/2-1/2"]
[ECO "D31"]
[WhiteElo "2305"]
[BlackElo "2099"]
[PlyCount "97"]
[EventDate "2022.12.03"]
[EventType "swiss"]
[EventRounds "9"]
[SourceTitle "Ajedrez en Madrid"]
[Source "lmi"]
[SourceDate "2022.12.03"]
[SourceVersion "1"]
[SourceVersionDate "2022.12.10"]
[SourceQuality "1"]
[TimeControl "90+30"]
[WhiteClock "0:02:16"]
[BlackClock "0:03:01"]

1. d4 d5 2. c4 e6 3. Nc3 Be7 4. cxd5 exd5 5. Bf4 c6 6. e3 Bf5 7. Bd3 Bxd3 8. Qxd3 Nf6 9. Nge2 Nbd7 10. Ng3 g6 11. O-O O-O 12. Rab1 a5 13. h3 Ne8 14. Nge2 Ng7 15. Rfc1 Nb6 16. b3 Re8 17. Na4 Nd7 18. Rc2 Ne6 19. Bg3 Bb4 20. Rd1 Qe7 21. Nc1 Ng5 22. Bh2 f5 23. Qf1 Ne4 24. Nd3 Ba3 25. Kh1 Ng5 26. Re1 Ne6 27. Rb1 Qf8 28. Nc3 Be7 29. Ne2 Bb4 30. Ng1 Ng5 31. Nf3 Nxf3 32. gxf3 Be7 33. Qg2 Qf6 34. Qg3 Qh4 35. Qc7 Nf6 36. Kg2 Ne4 37. Rh1 Ng5 38. Bg3 Qh5 39. Ne1 Bb4 40. h4 Ne6 41. Qxb7 f4 42. Bxf4 Nxf4+ 43. exf4 Rab8 44. Qc7 Rbc8 45. Qd7 Rcd8 46. Qc7 Rc8 47. Qb7 Rb8 48. Qc7 Rbc8 49. Qb7 1/2-1/2

[Event "Torneo Benidorm Gran Hotel Bali 2022"]
[Site "Benidorm, Spain"]
[Date "2022.12.09"]
[Round "8.5"]
[White "Aguilera Lopez, Alejandro"]
[Black "Shaik, Sumer Arsh"]
[Result "1/2-1/2"]
[ECO "A06"]
[WhiteElo "2184"]
[BlackElo "2290"]
[PlyCount "59"]
[EventDate "2022.12.03"]
[EventType "swiss"]
[EventRounds "9"]
[SourceTitle "Ajedrez en Madrid"]
[Source "lmi"]
[SourceDate "2022.12.03"]
[SourceVersion "1"]
[SourceVersionDate "2022.12.10"]
[SourceQuality "1"]
[TimeControl "90+30"]
[WhiteClock "0:50:05"]
[BlackClock "0:01:30"]

1. Nf3 d5 2. b3 Bg4 3. Bb2 Bxf3 4. exf3 e6 5. f4 Nf6 6. g3 g6 7. Bg2 Bg7 8. O-O O-O 9. Qe2 Nc6 10. c4 Ne7 11. d3 c6 12. Nd2 Nd7 13. Nf3 Nf5 14. Ne5 Nxe5 15. fxe5 Qb6 16. Rad1 Rfd8 17. g4 Nd4 18. Qe3 dxc4 19. dxc4 c5 20. Qe4 Nc6 21. f4 Qa5 22. Qb1 Bh6 23. g5 Bf8 24. Bxc6 bxc6 25. Qc2 Be7 26. Bc3 Qb6 27. Rxd8+ Rxd8 28. Rd1 Rxd1+ 29. Qxd1 Qd8 30. Qxd8+ 1/2-1/2